[Event "Early-Titled-Tuesday-Blitz-March-26-2024"]
[Site "Chess.com"]
[Date "2024.03.26"]
[Round "7"]
[White "gpsji27"]
[Black "ArturoCaceres"]
[Result "1-0"]
[WhiteElo "2357"]
[BlackElo "2432"]
[TimeControl "180+1"]
[EndTime "9:13:17 PDT"]
[Termination "gpsji27 won on time"]

1. d4 Nf6 2. Nf3 d6 3. Bg5 g6 4. c4 Bg7 5. Nc3 h6 6. Bh4 Nc6 7. e3 e5 8. dxe5 dxe5 9. Qxd8+ Kxd8 10. O-O-O+ Ke8 11. Nb5 Ke7 12. Nxc7 Rb8 13. Nd5+ Ke6 14. Nc7+ Ke7 15. c5 Bf5 16. Nd5+ Ke6 17. Nxf6 Rbd8 18.
Bc4+ 1-0

[Event "Early-Titled-Tuesday-Blitz-March-26-2024"]
[Site "Chess.com"]
[Date "2024.03.26"]
[Round "7"]
[White "vasblesk"]
[Black "GMAneta"]
[Result "1-0"]
[WhiteElo "2791"]
[BlackElo "2571"]
[TimeControl "180+1"]
[EndTime "9:13:18 PDT"]
[Termination "vasblesk won by checkmate"]

1. d4 d5 2. c4 c6 3. Nf3 Nf6 4. Qc2 g6 5. Bf4 Bg7 6. e3 O-O 7. Be2 Bf5 8. Qb3 dxc4 9. Bxc4 b5 10. Be2 Qa5+ 11. Nbd2 Ne4 12. a3 Na6 13. Rd1 Nc7 14. O-O Nd5 15. Bg3 Rfc8 16. Nxe4 Bxe4 17. Nd2 Nf6 18.
Nxe4 Nxe4 19. Bh4 g5 20. Qc2 gxh4 21. Qxe4 h3 22. gxh3 b4 23. axb4 Qxb4 24. Bd3 h6 25.
Kh1 Kf8 26. Rg1 Qd6 27. Rxg7 Kxg7 28. Qh7+ Kf6 29. Qxh6# 1-0

[Event "Early-Titled-Tuesday-Blitz-March-26-2024"]
[Site "Chess.com"]
[Date "2024.03.26"]
[Round "7"]
[White "ArchibaldCerveza29"]
[Black "xakevicius91"]
[Result "1-0"]
[WhiteElo "2383"]
[BlackElo "2521"]
[TimeControl "180+1"]
[EndTime "9:13:18 PDT"]
[Termination "ArchibaldCerveza29 won by resignation"]

1. e4 c5 2. Nf3 a6 3. c4 Nc6 4. d4 cxd4 5. Nxd4 e5 6. Nf5 d5 7. cxd5 Bxf5 8. exf5 Nd4 9. Nc3 Be7 10. f4 Qc7 11. Qa4+ Kf8 12. Bd3 Nf6 13. O-O Bd6 14.
Kh1 h5 15. Be3 Qb6 16. fxe5 Bxe5 17. Ne2 Nxd5 18. Bxd4 Qd6 19. Bxe5 Qxe5 20. Qd4 Qxd4 21. Nxd4 Nb4 22. Bc4 Rd8 23. Rad1 Ke7 24. f6+ gxf6 25. Rfe1+ Kf8 26. Ne6+ fxe6 27. Rxd8+ 1-0

[Event "Early-Titled-Tuesday-Blitz-March-26-2024"]
[Site "Chess.com"]
[Date "2024.03.26"]
[Round "7"]
[White "Pertinhez76"]
[Black "FranklinAPalomo"]
[Result "0-1"]
[WhiteElo "2129"]
[BlackElo "2639"]
[TimeControl "180+1"]
[EndTime "9:13:25 PDT"]
[Termination "FranklinAPalomo won on time"]

1. e4 c5 2. Nf3 e6 3. d4 cxd4 4. Nxd4 a6 5. c4 Qc7 6. Nc3 b6 7. Be3 Bb7 8. Be2 Nf6 9. f3 Nc6 10.
Rc1 Ne5 11. b3 Ng6 12. O-O Bd6 13. g3 Bxg3 14. Kh1 Bxh2 15. Qd2 Bf4 16. Rf2 h5 17. a4 Rc8 18. a5 bxa5 19. Rg1 Bxe3 20. Qxe3 h4 21. Nd5 exd5 22. exd5+ Kf8 23. f4 Re8 24. Qc1 h3 25. Qa3+ Kg8 26. Nf5 h2 27.
Rg5 Rxe2 28. Rxe2 Qxf4 29. Re8+ Nxe8 30. Ne7+ Nxe7 31. Rxg7+ Kxg7 0-1

[Event "Early-Titled-Tuesday-Blitz-March-26-2024"]
[Site "Chess.com"]
[Date "2024.03.26"]
[Round "7"]
[White "GMG"]
[Black "AccioChess"]
[Result "1-0"]
[WhiteElo "2779"]
[BlackElo "2529"]
[TimeControl "180+1"]
[EndTime "9:13:26 PDT"]
[Termination "GMG won by resignation"]

1. Nf3 d5 2. g3 c5 3. Bg2 f6 4. c4 d4 5. b4 e5 6. O-O cxb4 7.
e3 Nc6 8. a3 bxa3 9. Nxa3 Bc5 10. exd4 Nxd4 11. Nxd4 Bxd4 12. Rb1 Ne7 13. Nb5 O-O 14.
Ba3 Rf7 15. Nd6 Rf8 16. Nxb7 Bxb7 17. Rxb7 Ng6 18. Bxf8 Nxf8 19. Qb3 Bc5 20. Bd5+ Kh8 21. Rb1 Qc8 22. Rb5 1-0

[Event "Early-Titled-Tuesday-Blitz-March-26-2024"]
[Site "Chess.com"]
[Date "2024.03.26"]
[Round "7"]
[White "JAN2404"]
[Black "CURRUTACO59"]
[Result "0-1"]
[WhiteElo "1958"]
[BlackElo "2282"]
[TimeControl "180+1"]
[EndTime "9:13:26 PDT"]
[Termination "CURRUTACO59 won by resignation"]

1. e4 e5 2. Nc3 Nc6 3. Bc4 Bc5 4. d3 Nf6 5. Nf3 d6 6. Na4 Bb6 7. Nxb6 axb6 8. a3 h6 9. h3 Be6 10. Bb5 O-O 11. O-O Ne7 12. c4 Ng6 13. Ba4 Nh5 14.
d4 Nhf4 15. d5 Bc8 16. b4 Qf6 17. Bxf4 Nxf4 18. Bc2 Bxh3 19. g3 Bxf1 20. Qxf1 Nxd5 21. exd5 Qxf3 22. a4 e4 23. Qb1 Rfe8 24. Bd1 Qc3 25. Qb3 Qxa1 0-1

[Event "Early-Titled-Tuesday-Blitz-March-26-2024"]
[Site "Chess.com"]
[Date "2024.03.26"]
[Round "7"]
[White "Korchmar_Vasiliy"]
[Black "SpeedofLight0"]
[Result "0-1"]
[WhiteElo "2703"]
[BlackElo "3061"]
[TimeControl "180+1"]
[EndTime "9:13:34 PDT"]
[Termination "SpeedofLight0 won on time"]

1. e4 Nc6 2. Nf3 d6 3. d4 Nf6 4.
Bd3 g6 5. h3 Bg7 6. O-O O-O 7.
Re1 e5 8. c3 Re8 9. Bg5 h6 10.
Bh4 g5 11. Bg3 Nh5 12. Bb5 Nxg3 13. fxg3 Bd7 14. Bxc6 Bxc6 15. d5 Bd7 16. g4 c6 17.
Qb3 cxd5 18. exd5 h5 19. Nh2 hxg4 20. hxg4 f5 21. gxf5 g4 22. Nd2 Qh4 23. Ne4 Bxf5 24. Nxd6 Rf8 25. Nxf5 Rxf5 26. Rf1 Rh5 27. Nxg4 Qxg4 28. d6+ Kh8 29. Qxb7 Rg8 30. d7 Bh6 0-1

[Event "Early-Titled-Tuesday-Blitz-March-26-2024"]
[Site "Chess.com"]
[Date "2024.03.26"]
[Round "7"]
[White "Chessdude1987"]
[Black "shimastream"]
[Result "0-1"]
[WhiteElo "2414"]
[BlackElo "3016"]
[TimeControl "180+1"]
[EndTime "9:13:34 PDT"]
[Termination "shimastream won on time"]

1. e4 Nf6 2. e5 Ng8 3. d4 Nc6 4. Nf3 d5 5. Be2 Bf5 6. O-O e6 7. c4 dxc4 8. Bxc4 Nge7 9. Nc3 Nd5 10. Nxd5 exd5 11. Bd3 Qd7 12. Bxf5 Qxf5 13. a3 O-O-O 14. b4 Be7 15. Bd2 Rd7 16. b5 Nd8 17. a4 Ne6 18. a5 g5 19. Be3 g4 20. Ne1 h5 21. a6 b6 22. Qc1 c5 23. dxc5 bxc5 24. Qa3 d4 25. b6 dxe3 26. fxe3 Qxe5 27. bxa7 Rxa7 28. Rxf7 Rd8 29. Rxe7 Rxe7 30. a7 Nc7 31.
a8=Q+ Nxa8 32. Qxa8+ Kc7 33. Ra7+ Kb6 34. Ra6+ Kb5 35.
Qc6+ Kc4 36. Ra4+ Kc3 37. e4 Kd2 38. Ra2+ Kxe1 39. Ra1+ Qxa1 0-1

[Event "Early-Titled-Tuesday-Blitz-March-26-2024"]
[Site "Chess.com"]
[Date "2024.03.26"]
[Round "7"]
[White "Aslanov_Umid"]
[Black "ploxoi"]
[Result "1-0"]
[WhiteElo "2617"]
[BlackElo "2425"]
[TimeControl "180+1"]
[EndTime "9:13:40 PDT"]
[Termination "Aslanov_Umid won by resignation"]

1. e4 e6 2. d4 d5 3. Nd2 Nc6 4.
Ngf3 Nf6 5. e5 Nd7 6. Bd3 f6 7. Ng5 g6 8. Nxe6 Qe7 9. Nxc7+ Kf7 10. Nxa8 fxe5 11. O-O e4 12. Be2 Nf6 13. c4 Be6 14. cxd5 Bxd5 15. Bc4 Bg7 16. Bxd5+ Nxd5 17. Qb3 Rd8 18.
Re1 Nxd4 19. Qc4 Qd7 20. Nxe4 Rxa8 21. Be3 Rc8 22. Nc5 Qg4 23. Qxd5+ 1-0

[Event "Early-Titled-Tuesday-Blitz-March-26-2024"]
[Site "Chess.com"]
[Date "2024.03.26"]
[Round "7"]
[White "dealshark"]
[Black "KetiTsatsalashvili"]
[Result "0-1"]
[WhiteElo "2293"]
[BlackElo "2447"]
[TimeControl "180+1"]
[EndTime "9:13:44 PDT"]
[Termination "KetiTsatsalashvili won by resignation"]

1. Nf3 Nf6 2. g3 g6 3. Bg2 Bg7 4. O-O O-O 5. c4 c5 6. Nc3 Nc6 7. d4 cxd4 8. Nxd4 Nxd4 9. Qxd4 d6 10. Rb1 a6 11. b3 Bf5 12. Rb2 Ne4 13. Qxg7+ Kxg7 14. Nxe4 Bxe4 15. Bxe4 Rb8 16. Rd2 Qa5 17. Bb2+ f6 18.
Rd5 Qxa2 19. Ba1 Qxb3 20. Rb1 Qxc4 21. Rd4 Qxe2 22. Bd3 Qa2 23. Re4 e5 24. Re2 Qd5 25. Be4 Qc4 26. Ree1 Rfc8 27. h4 b5 28. h5 d5 29. Bf3 d4 30. hxg6 hxg6 31. Bb2 Qc2 32.
Be4 Qc4 33. Rec1 Qe6 34. Re1 Rh8 35. Kf1 b4 36. Bd3 Rh1+ 37. Ke2 Rxe1+ 38. Rxe1 a5 39. Rc1 Rc8 40. Ra1 Qb3 41. Bc1 a4 42. Rb1 Qxb1 43.
Bh6+ Kxh6 0-1

[Event "Early-Titled-Tuesday-Blitz-March-26-2024"]
[Site "Chess.com"]
[Date "2024.03.26"]
[Round "7"]
[White "Hikaru"]
[Black "Andreikka"]
[Result "1/2-1/2"]
[WhiteElo "3265"]
[BlackElo "2989"]
[TimeControl "180+1"]
[EndTime "9:13:45 PDT"]
[Termination "Game drawn by agreement"]

1. Nf3 Nf6 2. b3 b5 3. Na3 a6 4. c4 b4 5. Nc2 a5 6. a3 bxa3 7. Bxa3 Bb7 8. g3 g6 9. Bg2 Bg7 10.
d4 d6 11. Bb2 O-O 12. O-O Nbd7 13. Nd2 Bxg2 14. Kxg2 Qb8 15. Bc3 Qb7+ 16. Kg1 Ne4 17. Nxe4 Qxe4 18. Rxa5 c5 19. Rxa8 Rxa8 20. Qd3 Qxd3 21.
exd3 Ra2 22. Rc1 cxd4 23. Bxd4 Bxd4 24. Nxd4 Nc5 25. b4 Nxd3 26. Rb1 Rb2 27. Rxb2 Nxb2 28. c5 dxc5 29. bxc5 Kf8 30. c6 Ke8 31. c7 1/2-1/2

[Event "Early-Titled-Tuesday-Blitz-March-26-2024"]
[Site "Chess.com"]
[Date "2024.03.26"]
[Round "7"]
[White "Kunalm64"]
[Black "ural58"]
[Result "0-1"]
[WhiteElo "2624"]
[BlackElo "2482"]
[TimeControl "180+1"]
[EndTime "9:13:46 PDT"]
[Termination "ural58 won by resignation"]

1. e4 d5 2. exd5 Qxd5 3. Nc3 Qa5 4. d4 Nf6 5. Nf3 Nc6 6. Bb5 Ne4 7. Bd2 Nxc3 8.
Bxc6+ bxc6 9. Bxc3 Qd5 10. h3 Ba6 11. Qd2 e6 12. b3 Ba3 13. Qe3 O-O 14. Bd2 c5 15. c4 cxd4 16. Qd3 c5 17. O-O Qf5 18. Qe2 Bb7 19. Ne5 Rad8 20. f3 d3 21. Qe1 Bb2 22.
Ng4 h5 23. Ne3 Qg6 24. Rb1 Bd4 25. Kh1 e5 26. Qh4 f5 27. f4 Bxe3 0-1

[Event "Early-Titled-Tuesday-Blitz-March-26-2024"]
[Site "Chess.com"]
[Date "2024.03.26"]
[Round "7"]
[White "lukazz029"]
[Black "Lucky_Puncher"]
[Result "0-1"]
[WhiteElo "2022"]
[BlackElo "2470"]
[TimeControl "180+1"]
[EndTime "9:13:48 PDT"]
[Termination "Lucky_Puncher won by resignation"]

1. e4 c5 2. Nf3 d6 3. d4 cxd4 4. Nxd4 Nf6 5. Nc3 a6 6. Bg5 e6 7. f4 Qb6 8. Qd2 Qxb2 9. Rb1 Qa3 10. Rb3 Qa5 11. Be2 Be7 12. O-O O-O 13. Bf3 Nc6 14.
Nxc6 bxc6 15. Kh1 e5 16. Bxf6 Bxf6 17. Qxd6 exf4 18. Qxc6 Be6 19. Nd5 Bxd5 20. Qxd5 Qxa2 21. e5 Rad8 22. Qe4 Rfe8 23. Qxf4 Bxe5 24. Qc4 Bf6 25. Bd5 Re7 26. Rb8 Qa5 27. Qxa6 Qxd5 28. Qb5 Qxb5 29.
Rxd8+ Re8 0-1

[Event "Early-Titled-Tuesday-Blitz-March-26-2024"]
[Site "Chess.com"]
[Date "2024.03.26"]
[Round "7"]
[White "aljado"]
[Black "Irina_Baraeva"]
[Result "0-1"]
[WhiteElo "2150"]
[BlackElo "2380"]
[TimeControl "180+1"]
[EndTime "9:13:49 PDT"]
[Termination "Irina_Baraeva won by resignation"]

1. e4 e6 2. d4 d5 3. e5 c5 4. c3 Qb6 5. Nf3 Nc6 6. a3 c4 7. Be2 Bd7 8. O-O Nge7 9. Nbd2 Na5 10. Rb1 Qc7 11. b4 cxb3 12. Nxb3 Ba4 13. Qc2 Nxb3 14. Rxb3 Bxb3 15. Qxb3 Nc6 16. c4 dxc4 17. Bxc4 Be7 18. d5 exd5 19. Bxd5 O-O 20. Bf4 Rad8 21. Be4 Nd4 22. Nxd4 Rxd4 23. Qf3 Qc4 24. Re1 Bxa3 25. e6 Bb4 26. exf7+ Qxf7 27. Qh3 h6 28. Bxh6 Qxf2+ 0-1

[Event "Early-Titled-Tuesday-Blitz-March-26-2024"]
[Site "Chess.com"]
[Date "2024.03.26"]
[Round "7"]
[White "MyDream003"]
[Black "KuzubovYuriy"]
[Result "0-1"]
[WhiteElo "2800"]
[BlackElo "2924"]
[TimeControl "180+1"]
[EndTime "9:13:50 PDT"]
[Termination "KuzubovYuriy won by resignation"]

1. e4 g6 2. d4 Bg7 3. Nf3 d6 4. c3 Nf6 5. Bd3 O-O 6. O-O Nc6 7. d5 Nb8 8. h3 Nbd7 9. Bc2 Nc5 10. Re1 e5 11. c4 a5 12. Nc3 Nh5 13. Bg5 Qe8 14.
b3 Bd7 15. a3 h6 16. Be3 f5 17. exf5 gxf5 18. Qd2 e4 19. Bxh6 Qg6 20. Bxg7 exf3 21. g4 Qxg7 22. Kh2 fxg4 23. Rg1 g3+ 24. fxg3 f2 25. Rg2 f1=Q 26. Rxf1 Rxf1 0-1

[Event "Early-Titled-Tuesday-Blitz-March-26-2024"]
[Site "Chess.com"]
[Date "2024.03.26"]
[Round "7"]
[White "venturov"]
[Black "Marielchessy"]
[Result "1-0"]
[WhiteElo "2520"]
[BlackElo "2335"]
[TimeControl "180+1"]
[EndTime "9:13:50 PDT"]
[Termination "venturov won by resignation"]

1. e4 c5 2. Nf3 d6 3. d4 cxd4 4. Nxd4 Nf6 5. Nc3 a6 6. Bc4 e6 7. O-O b5 8. Bb3 Be7 9. Re1 O-O 10. Qf3 Bb7 11. Qg3 Nbd7 12. Bxe6 Nh5 13. Qh3 fxe6 14. Qxh5 Rf6 15. Qh3 Nf8 16. Be3 b4 17. Na4 Rc8 18.
Rac1 Bxe4 19. Bg5 Bf5 20. Nxf5 exf5 21. Bxf6 Bxf6 22. Qxf5 Rb8 23. g3 Ng6 24. Rcd1 Qf8 25. Qd5+ Kh8 26. Qxd6 Qg8 27. Nc5 Rd8 28. Qxa6 Bxb2 29.
Rxd8 Qxd8 30. Qc6 1-0

[Event "Early-Titled-Tuesday-Blitz-March-26-2024"]
[Site "Chess.com"]
[Date "2024.03.26"]
[Round "7"]
[White "Flaccidmoves"]
[Black "LuisFSiles"]
[Result "1-0"]
[WhiteElo "2452"]
[BlackElo "2308"]
[TimeControl "180+1"]
[EndTime "9:13:52 PDT"]
[Termination "Flaccidmoves won by resignation"]

1. e4 c5 2. Nf3 Nc6 3. Bb5 g6 4.
O-O Bg7 5. Re1 Nf6 6. e5 Nd5 7. Nc3 Nc7 8. Bxc6 dxc6 9. d3 O-O 10. Bg5 Bg4 11. h3 Bxf3 12. Qxf3 Nd5 13. Ne4 f5 14. Nxc5 Qc8 15. c4 Nb4 16. Bxe7 Re8 17. Bd6 Nc2 18. Rac1 Nxe1 19. Rxe1 b6 20. Nb3 c5 21.
d4 cxd4 22. Qd5+ Qe6 23. Nxd4 Qxd5 24. cxd5 Rad8 25. Ne6 Rd7 26. Rc1 Kf7 27. f4 Rxe6 28. dxe6+ Kxe6 29. Kf2 g5 30. g3 gxf4 31. gxf4 Bh6 32.
Kf3 Bg7 33. Rc8 Bf6 34. Re8+ Kf7 35. Rf8+ 1-0

[Event "Early-Titled-Tuesday-Blitz-March-26-2024"]
[Site "Chess.com"]
[Date "2024.03.26"]
[Round "7"]
[White "Yuruultei"]
[Black "Boudicca64"]
[Result "1-0"]
[WhiteElo "2230"]
[BlackElo "1819"]
[TimeControl "180+1"]
[EndTime "9:13:52 PDT"]
[Termination "Yuruultei won by resignation"]

1. d4 Nf6 2. c4 g6 3. Nc3 Bg7 4. e4 d6 5. Be2 O-O 6. Nf3 e5 7. O-O Nc6 8. d5 Ne7 9. b4 Nh5 10.
Re1 Nf4 11. Bf1 f5 12. a4 fxe4 13. Nxe4 Bg4 14. Ra3 Nf5 15. Bxf4 exf4 16. Qd2 Bxf3 17. Rxf3 Bh6 18. c5 Nh4 19. Rh3 Nf5 20. Bc4 f3 21.
Rxh6 Nxh6 22. Qxh6 fxg2 23. Ng5 Qd7 24. Ne6 Qf7 25. Nxf8 Rxf8 26. Qe3 1-0

[Event "Early-Titled-Tuesday-Blitz-March-26-2024"]
[Site "Chess.com"]
[Date "2024.03.26"]
[Round "7"]
[White "NovoselovRoman"]
[Black "ViktoriyaTarasova"]
[Result "1-0"]
[WhiteElo "2553"]
[BlackElo "2364"]
[TimeControl "180+1"]
[EndTime "9:13:54 PDT"]
[Termination "NovoselovRoman won by resignation"]

1. d4 Nf6 2. Nc3 d5 3. Bf4 c6 4.
e3 Bf5 5. Bd3 e6 6. Nge2 Bxd3 7.
Qxd3 Bd6 8. e4 dxe4 9. Nxe4 Nxe4 10. Qxe4 Bxf4 11. Nxf4 Nd7 12. O-O-O Nf6 13. Qf3 Qa5 14. Kb1 O-O 15. h4 Nd5 16. Nh5 g6 17. Ng3 h5 18.
Ne4 Kg7 19. Ng5 Qd8 20. Rh3 Qf6 21. Qe4 Qf4 22. Qe1 Qc7 23. Rf3 Qe7 24. Qe5+ Kg8 25. c4 Nc7 26. Ne4 Ne8 27. Rg1 f6 28. Qf4 Qg7 29.
g4 hxg4 30. Rxg4 f5 31. Rxg6 fxe4 32. Qxf8+ Kh7 33. Rxg7+ Nxg7 34. Qxa8 exf3 35. Qxb7 1-0

[Event "Early-Titled-Tuesday-Blitz-March-26-2024"]
[Site "Chess.com"]
[Date "2024.03.26"]
[Round "7"]
[White "Revan_2002"]
[Black "the_chess_child"]
[Result "1/2-1/2"]
[WhiteElo "2593"]
[BlackElo "2848"]
[TimeControl "180+1"]
[EndTime "9:13:58 PDT"]
[Termination "Game drawn by agreement"]

1. d4 Nf6 2. c4 g6 3. Nc3 Bg7 4. e4 d6 5. Be2 O-O 6. h4 h5 7. Nf3 Bg4 8. Ng5 Bxe2 9. Qxe2 Nc6 10. Be3 Ng4 11. O-O-O e5 12. dxe5 Nxe3 13. Qxe3 Nxe5 14. Qe2 c6 15. f4 Ng4 16. e5 Re8 17. Rxd6 Qxd6 18.
exd6 Rxe2 19. Nxe2 Rd8 20. c5 Ne3 21. b4 Nd5 22. a3 Re8 23. Kd2 Bf6 24. Rh3 Rxe2+ 25. Kxe2 Nxf4+ 26. Ke3 Nxh3 27. gxh3 Kf8 28. Nh7+ Kg7 29.
Nxf6 Kxf6 30. Kf4 b5 31. Ke4 Ke6 32. Kf4 f6 33. Ke4 Kd7 1/2-1/2

[Event "Early-Titled-Tuesday-Blitz-March-26-2024"]
[Site "Chess.com"]
[Date "2024.03.26"]
[Round "7"]
[White "Josetricks"]
[Black "superchess02"]
[Result "1-0"]
[WhiteElo "2727"]
[BlackElo "2854"]
[TimeControl "180+1"]
[EndTime "9:14:00 PDT"]
[Termination "Josetricks won by resignation"]

1. d4 Nf6 2. Nc3 d5 3. Bf4 Bf5 4. e3 e6 5. Nf3 Bd6 6. Ne5 h6 7. f3 Bh7 8. g4 Nfd7 9. Nd3 Bxf4 10.
Nxf4 c5 11. Qd2 Nc6 12. O-O-O cxd4 13. exd4 g5 14. Nh5 Nb4 15. Bd3 Bxd3 16. cxd3 Qb6 17. Kb1 O-O-O 18. h4 Rhg8 19. hxg5 hxg5 20. Qh2 Qc7 21.
Qf2 Kb8 22. a3 Nc6 23. Nb5 Qb6 24. Qh2+ e5 25. dxe5 Ndxe5 26. d4 Qxb5 27. dxe5 Ka8 28. Nf6 Rgf8 29. Rhe1 d4 30. Qd2 Nxe5 31. Qxg5 Rfe8 32.
Nxe8 Rxe8 33. f4 f6 34. Qh5 1-0

[Event "Early-Titled-Tuesday-Blitz-March-26-2024"]
[Site "Chess.com"]
[Date "2024.03.26"]
[Round "7"]
[White "InitiatingASC"]
[Black "only_strong_moves"]
[Result "0-1"]
[WhiteElo "2370"]
[BlackElo "2710"]
[TimeControl "180+1"]
[EndTime "9:14:00 PDT"]
[Termination "only_strong_moves won by resignation"]

1. d4 Nf6 2. c4 e6 3. Nc3 d5 4.
cxd5 exd5 5. Bg5 c6 6. Qc2 h6 7.
Bh4 a5 8. e3 Na6 9. a3 Nc7 10.
Bd3 Ne6 11. Nf3 Be7 12. O-O O-O 13. Rab1 Nd7 14. Bxe7 Qxe7 15. b4 axb4 16. axb4 Ng5 17. Nxg5 Qxg5 18. b5 c5 19. dxc5 Nxc5 20. Ne2 Nxd3 21.
Qxd3 Bf5 22. Qxd5 Bxb1 23. Qxg5 hxg5 24. Rxb1 Ra2 25. Nd4 Rfa8 26. g4 Ra1 27. Rxa1 Rxa1+ 28. Kg2 f6 29. Kf3 Rc1 30. h3 Kf7 31. Kg3 g6 32. Nf3 Ke6 33. h4 gxh4+ 34. Kxh4 Kd5 35. Kg3 Ke4 36. Kg2 b6 37. Nd4 Rc4 38. Nc6 Kd5 39. Ne7+ Kd6 40. Ng8 Rxg4+ 41. Kf3 Rg5 42. Nxf6 Rf5+ 0-1

[Event "Early-Titled-Tuesday-Blitz-March-26-2024"]
[Site "Chess.com"]
[Date "2024.03.26"]
[Round "7"]
[White "Shuvalov"]
[Black "Zohid6"]
[Result "0-1"]
[WhiteElo "2604"]
[BlackElo "2904"]
[TimeControl "180+1"]
[EndTime "9:14:01 PDT"]
[Termination "Zohid6 won by resignation"]

1. d4 d5 2. c4 e6 3. Nf3 Nf6 4. Nc3 c6 5. e3 Nbd7 6. Be2 Bd6 7. O-O O-O 8. b3 Re8 9. Bb2 b6 10. Bd3 Bb7 11. Re1 c5 12. cxd5 exd5 13. Rc1 a6 14. Rc2 Rc8 15. Rd2 Qc7 16. dxc5 bxc5 17. Bf5 Rcd8 18. g3 Ne5 19. Nxe5 Bxe5 20. Na4 Bxb2 21.
Nxb2 g6 22. Bh3 Ne4 23. Rc2 Qa5 24. Nd3 Nc3 25. Qd2 d4 26. exd4 cxd4 27. Rxe8+ Rxe8 28. Nf4 Qe5 29. Bg2 Qe1+ 30. Qxe1 Rxe1+ 31. Bf1 g5 32. Nd3 Ra1 33. Nc5 Bf3 34. Rd2 Ne2+ 35. Rxe2 Bxe2 0-1

[Event "Early-Titled-Tuesday-Blitz-March-26-2024"]
[Site "Chess.com"]
[Date "2024.03.26"]
[Round "7"]
[White "Cambek64"]
[Black "Kate1606"]
[Result "1-0"]
[WhiteElo "2477"]
[BlackElo "2070"]
[TimeControl "180+1"]
[EndTime "9:14:04 PDT"]
[Termination "Cambek64 won by checkmate"]

1. d4 Nf6 2. Nc3 a6 3. e4 d6 4. f3 Nbd7 5. Be3 g6 6. Qd2 Bg7 7. O-O-O O-O 8. g4 e5 9. d5 b5 10. h4 h5 11. Bh6 hxg4 12. Kb1 gxf3 13. Nxf3 Nc5 14. Bxg7 Kxg7 15. Bd3 Bg4 16. Qe3 b4 17. Ne2 a5 18. Rdg1 Bh5 19. Ng3 Rh8 20. Nxe5 dxe5 21. Qxc5 Bf3 22. Rh3 Ng4 23. Nf5+ gxf5 24. Rxf3 Rxh4 25. Rxf5 Qh8 26. Rg5+ Kf6 27. R5xg4 Rxg4 28.
Rxg4 Qh1+ 29. Rg1 Qh2 30. Qc6+ Ke7 31. Qxc7+ Kf8 32. Qc5+ Ke8 33. Bb5+ Kd8 34. Rg8# 1-0

[Event "Early-Titled-Tuesday-Blitz-March-26-2024"]
[Site "Chess.com"]
[Date "2024.03.26"]
[Round "7"]
[White "Rud_Makarian"]
[Black "AlexeiShirov"]
[Result "1-0"]
[WhiteElo "3088"]
[BlackElo "2848"]
[TimeControl "180+1"]
[EndTime "9:14:05 PDT"]
[Termination "Rud_Makarian won by checkmate"]

1. Nf3 d5 2. c4 c6 3. d4 Nf6 4.
Nc3 e6 5. Bg5 dxc4 6. e4 b5 7.
e5 h6 8. Bh4 g5 9. Nxg5 hxg5 10.
Bxg5 Nbd7 11. g3 Bb7 12. Bg2 Qb6 13. exf6 O-O-O 14. O-O c5 15. d5 b4 16. Rb1 Qa6 17.
dxe6 Bxg2 18. e7 Bxf1 19. Kxf1 Qc6 20. exd8=Q+ Kxd8 21. Nd5 Rxh2 22. Kg1 Rh8 23. Bh4 Kc8 24. Ne7+ Bxe7 25. fxe7 Re8 26. Qh5 Qe6 27. Qf3 f6 28.
Qa8+ Nb8 29. Qxa7 Nd7 30. Qa8+ Nb8 31. Qa7 Nd7 32. g4 Rxe7 33. Bg3 Qc6 34. Rd1 Rh7 35. f3 Qxf3 36. Qc7# 1-0

[Event "Early-Titled-Tuesday-Blitz-March-26-2024"]
[Site "Chess.com"]
[Date "2024.03.26"]
[Round "7"]
[White "mary-sanna"]
[Black "toog"]
[Result "0-1"]
[WhiteElo "2220"]
[BlackElo "2627"]
[TimeControl "180+1"]
[EndTime "9:14:05 PDT"]
[Termination "toog won by checkmate"]

1. d4 Nf6 2. c4 c5 3. d5 b5 4.
cxb5 a6 5. e3 g6 6. Nc3 Bg7 7.
a4 O-O 8. e4 d6 9. Bg5 h6 10. Bf4 Nbd7 11. Nf3 Qa5 12. Qd2 Kh7 13. Be2 axb5 14. Bxb5 Ba6 15. Bxa6 Qxa6 16. Qe2 Rfb8 17. Qxa6 Rxa6 18. Ra2 c4 19. Nd4 Nc5 20. Nc6 Rb7 21. f3 Nd3+ 22. Ke2 Nxf4+ 23. Ke3 Nd3 24. Rha1 Nb4 25. Ra3 Nc2+ 26. Ke2 Nxa1 27. Rxa1 Rxb2+ 28. Ke3 Nd7 29. Nb5 Rb3+ 30. Ke2 Bxa1 31. Nxe7 Rxa4 32. Nc6 Ra2+ 33. Kf1 Rb1# 0-1

[Event "Early-Titled-Tuesday-Blitz-March-26-2024"]
[Site "Chess.com"]
[Date "2024.03.26"]
[Round "7"]
[White "RebecaJimnz"]
[Black "Incognizance"]
[Result "1-0"]
[WhiteElo "2245"]
[BlackElo "1905"]
[TimeControl "180+1"]
[EndTime "9:14:09 PDT"]
[Termination "RebecaJimnz won by checkmate"]

1. e4 c5 2. Nc3 Nc6 3. g3 g6 4. Bg2 Bg7 5. d3 e6 6. Be3 Nge7 7. Bxc5 d6 8. Be3 O-O 9. Qd2 Re8 10. Bh6 Bh8 11. h4 b6 12. h5 Bb7 13. Bg5 f6 14. Be3 g5 15. h6 e5 16. f4 gxf4 17. gxf4 Ng6 18. f5 Nge7 19. Bf3 Kf8 20. Bh5 Ng8 21. Bxe8 Qxe8 22. Nf3 Qf7 23. O-O-O Ke7 24. Rdg1 Rf8 25.
Nd5+ Kd7 26. Qc3 Nge7 27. Nxe7 Nxe7 28. Kb1 Rc8 29. Qa3 Nc6 30. d4 exd4 31. Nxd4 Nxd4 32. Bxd4 Bxe4 33. Qxa7+ Rc7 34. Qa4+ Kd8 35. Rh2 Rc4 36.
Bxb6+ Kc8 37. Qa6+ Kd7 38. Qa7+ Ke8 39. Qb8+ Ke7 40. Qd8# 1-0

[Event "Early-Titled-Tuesday-Blitz-March-26-2024"]
[Site "Chess.com"]
[Date "2024.03.26"]
[Round "7"]
[White "Shahdad2007"]
[Black "Bauman_Guy"]
[Result "0-1"]
[WhiteElo "2628"]
[BlackElo "2908"]
[TimeControl "180+1"]
[EndTime "9:14:11 PDT"]
[Termination "Bauman_Guy won on time"]

1. e4 c6 2. Nc3 d5 3. Qe2 d4 4. Nd1 e5 5. d3 Bb4+ 6. Bd2 Bxd2+ 7. Qxd2 Nf6 8. g3 c5 9. Qg5 Qe7 10. Qxg7 Rg8 11. Qh6 Nc6 12. Qd2 Be6 13. Bh3 O-O-O 14.
Bxe6+ fxe6 15. f3 h5 16. Nf2 Rdf8 17. O-O-O h4 18. g4 Nh7 19. Nfh3 Nd8 20. Kb1 Nf7 21. Qe1 Kb8 22. Ne2 Nhg5 23. Nxg5 Qxg5 24. Ng1 Qf6 25. c3 Rh8 26. Rd2 Ng5 27. Rf2 Qf4 28. Qc1 h3 29.
cxd4 exd4 30. Ne2 Qxc1+ 31. Rxc1 Nxf3 32. Ng3 Ne5 33. Rxf8+ Rxf8 34. Rxc5 Nxd3 35. Rh5 Rf2 36. Rxh3 Rxb2+ 37. Ka1 Rc2 38. a3 Ne5 39. Rh5 d3 40. Rh8+ Kc7 41. Rh7+ Kc6 42. Rh8 d2 43. Rd8 Nd7 44. Ne2 d1=Q+ 0-1

[Event "Early-Titled-Tuesday-Blitz-March-26-2024"]
[Site "Chess.com"]
[Date "2024.03.26"]
[Round "7"]
[White "jefferyx"]
[Black "Mikhail_Bryakin"]
[Result "1-0"]
[WhiteElo "3095"]
[BlackElo "2851"]
[TimeControl "180+1"]
[EndTime "9:14:12 PDT"]
[Termination "jefferyx won by resignation"]

1. d4 e6 2. e4 d5 3. Nc3 Nf6 4. Bg5 dxe4 5. Nxe4 Be7 6. Bxf6 gxf6 7. Nc3 b6 8. Qf3 c6 9. O-O-O Bb7 10. g4 Nd7 11.
Bg2 Qc7 12. Nge2 O-O-O 13. Ng3 Kb8 14. Rhe1 Bd6 15. Kb1 Rhe8 16. h4 Rg8 17. Nh5 Be7 18. Qe2 Rde8 19. Be4 h6 20. Qf3 Rh8 21. a3 Bd8 22.
Na2 a5 23. Nc3 Reg8 24. Rg1 Qc8 25. Bd3 Qc7 26. Ne4 Rg6 27. Qe3 Rgg8 28. Nd2 Qd6 29. Rde1 Ka7 30. Nc4 Qd5 31. Nf4 Qb5 32.
Nd6 Qa4 33. Nxf7 Rh7 34. Bxh7 1-0